 Dungeon Crawl Stone Soup version 0.30-a0-12-gd8047c6341 (webtiles) character file.

Game seed: 13921822945372818074

1381 SensoryNuts the Chopper (level 8, -1/48 HPs)
             Began as a Gargoyle Fighter on Aug 23, 2022.
             Slain by a wight
             ... wielding a +3 great sword of freezing
              (2 damage)
             ... on level 6 of the Dungeon.
             The game lasted 00:05:57 (6101 turns).

SensoryNuts the Chopper (Gargoyle Fighter)          Turns: 6101, Time: 00:05:57

Health: -1/48      AC: 15    Str: 22      XL:     8   Next: 67%
Magic:  8/8        EV:  8    Int:  9      God:
Gold:   301        SH:  8    Dex:  9 (11) Spells: 7/7 levels left

rFire   . . .      SeeInvis .    j - +1 war axe (elec)
rCold   + . .      Faith    .    d - +0 kite shield
rNeg    + . .      Spirit   .    b - +0 scale mail
rPois   ∞          Reflect  .    m - +0 helmet
rElec   +          Harm     .    (no cloak)
rCorr   .          Rampage  .    o - +0 pair of gloves
Will    .....                    (no boots)
Stlth   +.........               (no amulet)
HPRegen 0.16/turn                (no ring)
MPRegen 0.11/turn                (no ring)

@: about to teleport
A: sickness immunity, AC +5, negative energy resistance 1, electricity
resistance, torment resistance 1, petrification resistance, thin skeletal
structure 1, cold resistance 1
a: no special abilities


You were on level 6 of the Dungeon.
You visited 1 branch of the dungeon, and saw 6 of its levels.

You collected 323 gold pieces.
You spent 22 gold pieces at shops.

Inventory:

Hand Weapons
 j - a +1 war axe of electrocution (weapon)
Armour
 b - a +0 scale mail (worn)
 d - a +0 kite shield (worn)
 m - a +0 helmet (worn)
 o - a +0 pair of gloves (worn)
Wands
 w - a wand of flame (16)
Scrolls
 a - 3 scrolls of vulnerability
 c - a scroll of magic mapping
 l - a scroll of silence
 q - a scroll of enchant armour {unknown}
 s - a scroll of noise {unknown}
 t - 2 scrolls of identify
 v - 2 scrolls of enchant weapon {unknown}
Potions
 e - 2 potions of curing
 f - 2 potions of mutation
 h - a potion of flight
 i - a potion of brilliance
 k - 3 potions of cancellation
 n - 2 potions of attraction
 r - a potion of degeneration
 u - a potion of magic {unknown}


   Skills:
 + Level 4.8 Fighting
 * Level 7.2 Axes
 + Level 5.6 Armour
 + Level 1.5 Dodging
 + Level 1.7 Stealth
 + Level 5.0 Shields


You had 7 spell levels left.
You didn't know any spells.
Your spell library contained the following spells:

 Spells                   Type           Power      Damage    Failure   Level
 Apportation              Tloc           0%         N/A       96%         1
 Necrotise                Necr           0%         1d4       96%         1
 Summon Small Mammal      Summ           0%         N/A       96%         1
 Vampiric Draining        Necr           0%         2d6       100%        3
 Agony                    Necr           0%         N/A       100%        5


Dungeon Overview and Level Annotations

Branches:
Dungeon (6/15)
 Temple: D:4-7

Altars:
Gozag
Nemelex Xobeh
Okawaru
Vehumet

Shops:
D:1 *

Annotations:
D:2 1 runed translucent door, Crazy Yiuf


Innate Abilities, Weirdness & Mutations

You are immune to sickness and miasma.
Your stone body is resilient. (AC +5)
You are immune to poison.
You resist negative energy. (rN+)
You are resistant to electric shocks. (rElec)
You are resistant to unholy torment.
You are immune to petrification.
You have a somewhat thin skeletal structure. (Dex +2, Stealth+)
Your flesh is cold resistant. (rC+)


Message History

The wight barely misses you.
Unknown command.
You feel much better.
The wight hits you with a +3 great sword of freezing!
The wight freezes you.
You hit the wight but do no damage.
The wight is severely damaged.
You hit the ice beast but do no damage.
Lightning courses through the ice beast!
You block the ice beast's attack.
The wight hits you with a +3 great sword of freezing!
* * * LOW HITPOINT WARNING * * *
The wight freezes you.
* * * LOW HITPOINT WARNING * * *
You feel much better. You block the ice beast's attack.
The wight hits you with a +3 great sword of freezing!
The wight freezes you.
You closely miss the wight.
The wight is severely damaged.
You hit the ice beast.
The ice beast hits you but does no damage.
The wight hits you with a +3 great sword of freezing.
Unknown command.
You completely miss the wight.
The wight is severely damaged.
You hit the ice beast but do no damage. The ice beast hits you.
* * * LOW HITPOINT WARNING * * *
The ice beast freezes you. You resist.
* * * LOW HITPOINT WARNING * * *
The wight hits you with a +3 great sword of freezing.
* * * LOW HITPOINT WARNING * * *
The wight closely misses you. You block the ice beast's attack.
Why would you want to do that?
As you read the scroll of teleportation, it crumbles to dust.
You feel strangely unstable.
The ice beast hits you but does no damage.
The wight hits you with a +3 great sword of freezing!
* * * LOW HITPOINT WARNING * * *
The wight freezes you.
You die...

..................#....
##.......)).#..##.#....
#..........#.##..#...# #
##.......)....##......
#.##.$.....#..........#.
#............#.......###
..........##.#....... #
#......Y.###........# #
#......@z..# ....... .
#......)..........## ##
..#....#...##.#..
.......#...# # ...8...
#.... ....... ##...
....... .... ....... ...


You could see an ice beast and a wight.

Vanquished Creatures
  Prince Ribbit (D:5)
  An ogre (D:5)
  2 centaurs (D:5)
  2 kobold brigands
  2 bullfrogs (D:6)
  3 wights (D:6)
  2 hounds (D:5)
  2 orc priests (D:5)
  4 iguanas
  An orc wizard (D:5)
  Natasha (thrice) (D:4)
  Robin (D:2)
  4 gnolls (D:3)
  7 adders
  A shadow imp (D:5)
  A white imp (D:6)
  A worm (D:2)
  2 dart slugs
  11 orcs
  4 ball pythons
  4 bats (D:1)
  6 endoplasms
  3 giant cockroaches
  16 goblins
  8 hobgoblins
  2 jackals (D:1)
  12 kobolds
  3 quokkas
  3 frilled lizards
  4 rats
116 creatures vanquished.

Vanquished Creatures (others)
  8 plants
8 creatures vanquished.

Grand Total: 124 creatures vanquished

Notes
Turn   | Place    | Note
-------+----------+-------------------------------------------
     0 | D:1      | SensoryNuts the Gargoyle Fighter began the quest for the
                  | Orb.
     0 | D:1      | Reached XP level 1. HP: 14/14 MP: 1/1
    28 | D:1      | Reached skill level 2 in Axes
    40 | D:1      | Reached XP level 2. HP: 18/19 MP: 2/2
   332 | D:1      | Found Mecik's Assorted Antiques.
   340 | D:1      | Reached XP level 3. HP: 21/23 MP: 3/3
   366 | D:1      | Bought a fizzy sapphire potion for 22 gold pieces
   784 | D:1      | Gained mutation: Your flesh is cold resistant. (rC+)
                  | [potion of mutation]
   784 | D:1      | Gained mutation: You have a somewhat thin skeletal
                  | structure. (Dex +2, Stealth+) [potion of mutation]
   940 | D:2      | Noticed Robin
   987 | D:2      | Killed Robin
   988 | D:2      | Reached XP level 4. HP: 11/29 MP: 4/4
  1207 | D:2      | Found a faded altar of an unknown god.
  1449 | D:2      | Reached skill level 3 in Axes
  1998 | D:2      | Found a runed translucent door.
  1999 | D:2      | Noticed Crazy Yiuf
  2196 | D:3      | Reached XP level 5. HP: 23/33 MP: 5/5
  3766 | D:4      | Noticed a kobold brigand
  3784 | D:4      | Killed a kobold brigand
  3785 | D:4      | Reached skill level 4 in Axes
  3785 | D:4      | Reached XP level 6. HP: 20/38 MP: 6/6
  4138 | D:4      | Noticed Natasha
  4142 | D:4      | Killed Natasha
  4302 | D:4      | Noticed Natasha
  4304 | D:4      | Killed Natasha
  4541 | D:4      | Noticed Natasha
  4547 | D:4      | Killed Natasha
  4650 | D:5      | Entered Level 5 of the Dungeon
  4658 | D:5      | Reached skill level 5 in Axes
  4658 | D:5      | Reached XP level 7. HP: 43/43 MP: 7/7
  4777 | D:5      | Reached skill level 1 in Dodging
  4995 | D:5      | Found a sparkling altar of Nemelex Xobeh.
  5009 | D:5      | Noticed Prince Ribbit
  5046 | D:5      | Killed Prince Ribbit
  5047 | D:5      | Reached skill level 6 in Axes
  5047 | D:5      | Reached skill level 5 in Armour
  5047 | D:5      | Reached XP level 8. HP: 21/48 MP: 8/8
  5477 | D:5      | Found an opulent altar of Gozag.
  5541 | D:5      | Found an iron altar of Okawaru.
  5817 | D:6      | Reached skill level 1 in Stealth
  5968 | D:6      | Found a radiant altar of Vehumet.
  5970 | D:6      | Reached skill level 7 in Axes
  6054 | D:6      | Reached skill level 5 in Shields
  6094 | D:6      | HP: 2/48 [wight/+3 great sword of freezing (2)]
  6101 | D:6      | HP: 1/48 [wight/+3 great sword of freezing (9)]
  6101 | D:6      | Slain by a wight

Illustrated notes

Levels and vault maps discovered:
D:1:      erik_arrival_blinker_ship, layout_loops_ring, serial_shops, shop
D:2:      layout_basic, hellmonk_ecumenical_altar_blasted, corexii_corridor_pit,
          minmay_misc_feat_secret_circle, uniq_robin, uniq_crazy_yiuf_cottage
D:3:      layout_loops_corners, serial_bayou_lagoon_b
D:4:      layout_gridville, serial_rivers, chequers_serial_rivers_micro_d,
          chequers_serial_rivers_small_a, chequers_serial_rivers_micro_e,
          chequers_serial_rivers_micro_e, chequers_serial_rivers_micro_c,
          chequers_serial_rivers_micro_e, uniq_natasha
D:5:      layout_rooms, kennysheep_okawaru_gauntlet,
          nicolae_gozag_cash_rules_everything_around_me,
          nemelex_xobeh_ov_fountains_minmay, serial_bayou_crossing,
          uniq_prince_ribbit1
D:6:      layout_cave_pools, vehumet_altar_wand_db, serial_column_ruins,
          column_ruins_circle_small, column_ruins_hut, column_ruins_grid_1,
          column_ruins_open_small_water, column_ruins_open_small,
          column_ruins_open_tiny, chequers_avenue

Skill      XL: |  1  2  3  4  5  6  7  8 |
---------------+-------------------------+-----
Axes           | 2 3 4 5 6 7 |  7.2
Fighting       | 4 |  4.8
Armour         | 4 5 |  5.6
Shields        | 4 5 |  5.0
Dodging        | 1 |  1.5
Stealth        | 1 |  1.7

Action                   |  1- 3 |  4- 6 |  7- 9 || total
-------------------------+-------+-------+-------++-------
Melee: War axe           |    90 |   120 |   125 ||   335
  Use: Potion            |     5 |     1 |     5 ||    11
       Scroll            |     4 |     7 |     3 ||    14
Armor: Scale mail        |    61 |    42 |   105 ||   208
       Skin              |    17 |       |       ||    17
Dodge: Dodged            |    48 |    45 |    49 ||   142
Block: Buckler           |    31 |    13 |       ||    44
       Kite shield       |       |    16 |    77 ||    93

Table legend: (Time is in decaauts)
 A = Elapsed time spent in this place.
 B = Non-inter-level travel time spent in this place.
 C = Inter-level travel time spent in this place.
 D = Time resting spent in this place.
 E = Time spent auto-exploring this place.
 F = Levels seen in this place.
 G = Mean time per level.
                   A        B        C        D        E       F      G
               +--------+--------+--------+--------+--------+-----+--------+
         Total |   6272 |   5632 |    640 |      0 |   4703 |   6 | 1045.3 |
       Dungeon |   6272 |   5632 |    640 |      0 |   4703 |   6 | 1045.3 |
               +--------+--------+--------+--------+--------+-----+--------+

Top non-repeatable levels by time:
     D:3: 1657 daAuts
     D:2: 1374 daAuts
     D:5: 1187 daAuts
     D:4: 905 daAuts
     D:1: 826 daAuts
     D:6: 319 daAuts
